 Dungeon Crawl Stone Soup version 0.16.1-14-g82efdee (webtiles) character file.

243 KarvaRausku the Chopper (level 5, -5/67 HPs)
             Began as a Draconian Berserker on Apr 12, 2015.
             Was an Elder of Trog.
             Killed from afar by Purgy (28 damage)
             ... with an exploding inner flame
             ... hexed by the player character
             ... in a sewer.
             The game lasted 00:07:52 (3205 turns).

KarvaRausku the Chopper (Draconian Berserker)       Turns: 3205, Time: 00:07:52

Health: -5/67      AC:  5    Str: 25    XL:     5   Next: 82%
Magic:  5/5        EV: 18    Int:  7    God:    Trog [****..]
Gold:   251        SH:  0    Dex: 16    Spells: 0 memorised, 4 levels left

rFire  x . .     SeeInvis .     p - +0 hand axe
rCold  + . .     Clarity  .     (armour unavailable)
rNeg   . . .     SustAb   .     (no shield)
rPois  .         Gourm    .     (helmet restricted)
rElec  .         Spirit   .     (no cloak)
rCorr  .         Warding  .     (no gloves)
rMut   .         Stasis   .     (no boots)
MR     .....                    (no amulet)
Stlth  ..........               (no ring)
                                r - ring of ice

@: agile, berserking, very slightly contaminated, hasted, very quick, not
resistant to hostile enchantments, extremely unstealthy
A: unfitting armour, cold-blooded, AC +5
a: Burn Spellbooks, Berserk, Trog's Hand, Brothers in Arms, Renounce Religion


You were in a sewer.
You worshipped Trog.
Trog was greatly pleased with you.
You were hungry.

You visited 1 branch of the dungeon, and saw 4 of its levels.
You also visited: Sewer.

You collected 251 gold pieces.

Inventory:

Hand weapons
 a - a +0 hand axe
 p - a +0 hand axe (weapon)
Magical staves
 e - an uncursed staff of cold {unknown}
Jewellery
 r - a ring of ice (left hand)
Scrolls
 b - 2 scrolls of identify
 d - a scroll of fear {unknown}
 k - 2 scrolls of fog {unknown}
 l - 2 scrolls of random uselessness
 n - 2 scrolls of remove curse
Potions
 o - 2 potions of restore abilities
 q - a potion of magic
Comestibles
 c - 5 bread rations
 f - a chunk of flesh
 g - 2 meat rations
 s - 3 beef jerkies


   Skills:
 - Level 3.2 Fighting
 + Level 6.6 Axes
 - Level 2.6 Dodging


You had 4 spell levels left.
You didn't know any spells.

Dungeon Overview and Level Annotations

Branches:
Dungeon (4/15)
 Temple: D:4-7

Altars:
Makhleb


Innate Abilities, Weirdness & Mutations

Your plain brown scales are hard (AC +5).
Your body does not fit into most forms of armour.
Your cold-blooded metabolism reacts poorly to cold.


Message History

Purgy closely misses you. Purgy claws you. Purgy claws you but does no damage.
You hit Purgy.
Purgy is moderately wounded.
Purgy misses you. Purgy claws you but does no damage. Purgy claws you.
You slash Purgy!
Your tail-slap misses Purgy.
Purgy is heavily wounded.
You feel less exhausted.
Use which ability? (? or * to list)
A red film seems to cover your vision as you go berserk!
You feel yourself moving faster!
You feel mighty!
You are feeling hungry.
Purgy bites you. Purgy barely misses you. Purgy barely misses you.
You closely miss Purgy.
Purgy is heavily wounded.
Purgy bites you. Purgy claws you but does no damage.
Purgy claws you but does no damage.
You slash Purgy! You tail-slap Purgy.
Purgy explodes!
The fiery explosion engulfs you! The fire burns you terribly!
You die...

##≈≈###≈.#
#...# .≈.#
#..## #≈≈#
#..# ..#
#..# #≈≈##
#...#
##.≈## .#
#@§§#...#
##§≈≈..#
#§§≈≈.#
##≈≈≈##
≈..# #.#.)
.#%$# ## #


There were no monsters in sight!

Vanquished Creatures
  3 adders
  7 gnolls
  3 giant mites
  5 worms
  An adder skeleton (D:4)
  5 giant geckos
  An orc (D:3)
  4 ball pythons
  8 bats
  A bat skeleton (D:4)
  5 giant cockroaches
  12 goblins
  14 hobgoblins
  10 jackals
  A quokka (D:2)
  9 kobolds
  9 rats
98 creatures vanquished.

Notes
Turn   | Place    | Note
--------------------------------------------------------------
     0 | D:1      | KarvaRausku, the Draconian Berserker, began the quest for the Orb.
     0 | D:1      | Reached XP level 1. HP: 19/19 MP: 1/1
   104 | D:1      | Reached XP level 2. HP: 20/26 MP: 2/2
   330 | D:1      | Reached skill level 4 in Axes
   439 | D:1      | Acquired Trog's second power
   511 | D:1      | Reached XP level 3. HP: 14/31 MP: 3/3
  1601 | D:2      | Reached skill level 5 in Axes
  1601 | D:2      | Reached XP level 4. HP: 18/38 MP: 4/4
  2274 | D:3      | Reached XP level 5. HP: 45/45 MP: 5/5
  2437 | D:3      | Reached skill level 6 in Axes
  2775 | D:4      | Found a burning altar of Makhleb.
  3063 | D:4      | Found a glowing drain.
  3100 | Sewer    | Entered a sewer
  3116 | Sewer    | Acquired Trog's third power
  3167 | Sewer    | Noticed Purgy
  3205 | Sewer    | Killed Purgy
  3205 | Sewer    | Killed from afar by Purgy

Action                   |  1- 3 |  4- 6 || total
-------------------------+-------+-------++-------
Melee: Hand axe          |   108 |   210 ||   318
Invok: Berserk           |     1 |     3 ||     4
  Use: Scroll            |       |     6 ||     6
       Potion            |       |     6 ||     6
  Eat: Chunk             |     2 |     7 ||     9
       Pizza             |       |     1 ||     1
